 Dungeon Crawl Stone Soup version 0.17-a0-1798-g879a7aa (webtiles) character file.

399545 abixa the Sensei (level 23, -11/203 (205) HPs)
             Began as a Ghoul Monk on Sept 9, 2015.
             Was the Champion of Makhleb.
             Killed from afar by an ancient lich (66 damage)
             ... with an orb of energy
             ... on level 4 of the Vaults on Sept 10, 2015.
             The game lasted 03:58:41 (56306 turns).

abixa the Sensei (Ghoul Monk)                      Turns: 56306, Time: 03:58:41

HP:   -11/203 (205) AC: 30    Str: 18    XL:     23   Next: 27%
MP:   34/34         EV: 17    Int:  5    God:    Makhleb [******]
Gold: 3735          SH:  0    Dex: 18    Spells: 0 memorised, 22 levels left

rFire  + . .     SeeInvis .       - Unarmed
rCold  + + .     Clarity  .     X - +6 chain mail of Forking Paths {+Fly MR+}
rNeg   + + +     SustAt   .     (no shield)
rPois  ∞         Gourm    .     F - +0 helmet {rC+}
rElec  .         Spirit   .     O - +0 cloak {MR+}
rCorr  .         Warding  .     U - +2 pair of gloves
rMut   .         Stasis   .     W - +2 pair of boots of Loyhuge {Stlth+}
MR     +++..                    (no amulet)
Stlth  ..........               q - +5 ring of slaying
                                G - ring of protection from fire

@: rotting, studying Armour, extremely resistant to hostile enchantments,
extremely unstealthy
A: rotting body, claws 1, carnivore 3, cold resistance 1, negative energy
resistance 3, slow healing 1, torment resistance, unbreathing
a: Minor Destruction, Lesser Servant of Makhleb, Major Destruction, Greater
Servant of Makhleb, Renounce Religion, Evoke Flight
}: 2/15 runes: barnacled, gossamer


You were on level 4 of the Vaults.
You worshipped Makhleb.
Makhleb was exalted by your worship.
You were not hungry.

You visited 8 branches of the dungeon, and saw 44 of its levels.
You also visited: Labyrinth, Trove, Ice Cave and Wizlab.

You collected 5619 gold pieces.
You spent 1884 gold pieces at shops.

Inventory:

Hand weapons
 b - the +7 Sceptre of Torment
   (You found it on level 3 of the Vaults)
Missiles
 c - 19 curare-tipped needles
Armour
 F - a +0 helmet of cold resistance (worn)
 O - a +0 cloak of magic resistance (worn)
 U - a +2 pair of gloves (worn)
 W - the +2 pair of boots of Loyhuge (worn) {Stlth+}
   (You bought it in a shop on level 4 of the Orcish Mines)

   It makes you more stealthy.
 X - the +6 chain mail of Forking Paths (worn) {+Fly MR+}
   (You bought it in a shop on level 4 of the Orcish Mines)

   It affects your resistance to hostile enchantments.
   It lets you fly.
Jewellery
 j - the ring "Nican" {+Blink rN+ Slay-4 SInv}
   (You found it on level 1 of the Vaults)

   [ring of see invisible]

   It affects your accuracy and damage with ranged weapons and melee attacks
   (-4).
   It protects you from negative energy.
   It lets you see invisible.
   It lets you blink.
 q - a +5 ring of slaying (right hand)
 G - a ring of protection from fire (left hand)
 L - an uncursed amulet of guardian spirit
 Y - the amulet "Wenwioha" {MR+ Regen+ Int+2}
   (You took it off a siren on level 4 of the Shoals)

   [amulet of regeneration]

   It affects your intelligence (+2).
   It affects your resistance to hostile enchantments.
   It increases your rate of regeneration.
Magical devices
 g - a wand of polymorph (17)
 s - a wand of teleportation (4)
 Z - a wand of digging (7)
Scrolls
 a - 23 scrolls of remove curse
 e - 8 scrolls of teleportation
 h - 3 scrolls of blinking
 i - 6 scrolls of magic mapping
 p - 3 scrolls of summoning
 r - 8 scrolls of fog
 w - 2 scrolls of torment
 y - a scroll of vulnerability
 B - 4 scrolls of identify
 C - a scroll of silence
Potions
 d - a potion of cancellation
 l - 6 potions of might
 m - 4 potions of agility
 o - 19 potions of curing
 t - 5 potions of heal wounds
 x - a potion of resistance
 J - 4 potions of haste
Books
 z - a manual of Armour
Comestibles
 M - 28 royal jellies


   Skills:
 - Level 17.0 Fighting
 - Level 12.0 Staves
 + Level 16.4 Armour
 - Level 14.6 Dodging
 - Level 2.1 Stealth
 - Level 21.4 Unarmed Combat
 - Level 16.8 Invocations


You had 22 spell levels left.
You didn't know any spells.

Dungeon Overview and Level Annotations

Branches:
Dungeon (15/15)            Temple (1/1) D:5            Lair (8/8) D:9
 Shoals (4/4) Lair:5       Spider (4/4) Lair:6        Slime (0/6) Lair:7
    Orc (4/4) D:10            Elf (3/3) Orc:3        Vaults (5/5) D:13
  Crypt (0/3) Vaults:2     Depths (0/5) D:15

Altars:
Ashenzari
Cheibriados
Dithmenos
Elyvilon
Fedhas
Gozag
Kikubaaqudgha
Makhleb
Nemelex Xobeh
Okawaru
Qazlal
Ru
Sif Muna
Trog
Vehumet
Xom
Yredelemnul
Zin
The Shining One
Beogh

Shops:
Orc:4 }([*[   Shoals:3 ?   Vaults:1 (   Vaults:3 ((*%

Annotations:
Elf:2 2 runed doors


Innate Abilities, Weirdness & Mutations

Your body is rotting away.
You thrive on raw meat.
You are immune to poison.
You have sharp fingernails.
You are carnivorous and can eat meat at any time.
Your flesh is cold resistant.
You are immune to negative energy.
You heal slowly when monsters are visible.
You are immune to unholy pain and torment.
You can survive without breathing.


Message History

The ancient lich touches you.
* * * LOW HITPOINT WARNING * * *
You hit the ancient lich but do no damage.
The ancient lich is heavily damaged.
The ancient lich touches you but does no damage.
You punch the ancient lich!
The ancient lich is severely damaged.
You pummel the ancient lich!!
The ancient lich is almost destroyed.
The ancient lich touches you but does no damage.
You barely miss the ancient lich.
The ancient lich is almost destroyed.
You hit the ancient lich. Your punch misses the ancient lich.
The ancient lich is almost destroyed.
The ancient lich touches you but does no damage.
You punch the ancient lich!
The ancient lich is almost destroyed.
The ancient lich points at you and mumbles some strange words.
The orb of energy hits you!
You die...

.....#......# #........########...
.....####...# ########## #...
##'######''## #... ..!.........#
######### #...
##......./############.#.#.#.######
............#.......'..#.'.+..#####
##........###.......##'#.#.#####...
............#.......#....#....##...
##[.......###....@..#'##########..#
.)..........#)....L.#....#....##...
............')......#+##.'.'####...
##........###########..#.#.'..#####
.[..........# ##.#.+.#.## ###
##........### ######### #..
.[..........# ######### #..
##........### #.......# #.#
............# ###..###..### #..


You could see an ancient lich.

Vanquished Creatures
  Mara (Shoals:3)
  Norris (Vaults:1)
  A Hellbinder (WizLab)
  Jorgrun (Shoals:2)
  The ghost of nago the Carver, a mighty NaAE of Kikubaaqudgha (Vaults:1)
  3 deep elf blademasters
  3 krakens
  A tengu reaver (Vaults:4)
  Roxanne (Elf:3)
  2 fire giants
  8 vault wardens
  9 deep elf sorcerers
  A balrug (WizLab)
  3 emperor scorpions
  A frost giant (Vaults:3)
  4 ghost moths
  4 stone giants
  11 ironheart preservers
  6 deep elf demonologists
  A lorocyproca (WizLab)
  9 deep elf annihilators
  Azrael (D:13)
  2 ettins
  4 merfolk javelineers
  A minotaur (Lab)
  4 deep elf death magi (Elf:3)
  2 green deaths (WizLab)
  3 fire dragons
  6 merfolk impalers
  23 vault guards
  Josephine (Shoals:1)
  4 deep elf high priests (Elf:3)
  A blizzard demon (WizLab)
  9 yaktaur captains
  A hydra (shapeshifter) (Vaults:4)
  A hydra (Lair:5)
  A hell beast (WizLab)
  3 ice dragons
  2 entropy weavers
  11 centaur warriors
  4 alligator snapping turtles
  3 catoblepae (Lair:8)
  4 merfolk avatars
  5 deep troll earth magi
  6 merfolk aquamancers
  15 dancing weapons (Elf:2)
  13 death yaks
  2 satyrs (Shoals:4)
  11 ogre magi
  A deep troll shaman (Vaults:4)
  An orc high priest (Elf:2)
  2 soul eaters (WizLab)
  2 ice devils (WizLab)
  A sun demon (WizLab)
  A fire crab (Vaults:4)
  23 deep elf knights
  7 deep trolls
  14 sea snakes
  A shadow wraith (Vaults:1)
  2 unseen horrors
  9 deep elf summoners
  An ice statue (IceCv)
  15 harpies
  10 ironbrand convokers
  3 necromancers
  8 hill giants
  9 orc knights
  11 deep elf conjurers
  An orb spider (shapeshifter) (Elf:3)
  8 hornets
  16 orb spiders
  21 ugly things
  4 oklob plants
  An orc sorcerer (Orc:4)
  10 manticores
  A moth of wrath (shapeshifter) (Vaults:1)
  14 fauns
  16 griffons
  2 moths of wrath
  22 wolf spiders
  6 cyclopes
  An octopode (shapeshifter) (Elf:1)
  A human skeleton (Vaults:1)
  11 spiny frogs
  16 elephants
  11 vault sentinels
  A stone giant skeleton (Vaults:1)
  3 black mambas
  2 gargoyles
  A rust devil (WizLab)
  7 water nymphs
  14 sirens
  2 centaur zombies (D:10)
  4 torpor snails
  2 kobold demonologists
  A guardian serpent (shapeshifter) (Vaults:4)
  A black mamba (shapeshifter) (Vaults:4)
  A hellion (WizLab)
  2 fire drakes
  A yaktaur (shapeshifter) (Vaults:3)
  9 demonic crawlers
  16 yaktaurs
  A red devil (WizLab)
  5 komodo dragons
  A tengu conjurer (D:15)
  2 small abominations (Elf:3)
  2 guardian mummies (Elf:1)
  29 jumping spiders
  14 deep elf priests
  4 trolls
  27 merfolk
  A queen bee (Lair:2)
  A trapdoor spider zombie (D:12)
  14 slime creatures
  Prince Ribbit (D:5)
  10 freezing wraiths
  8 snapping turtles
  2 wind drakes
  A hornet zombie (D:14)
  2 polar bears (Lair:6)
  3 boulder beetles
  17 two-headed ogres
  15 blink frogs
  Sigmund (D:6)
  49 redbacks
  A shadow (D:14)
  17 tarantellas
  4 wyverns
  16 trapdoor spiders
  39 deep elf magi
  7 wraiths
  3 ynoxinuls (WizLab)
  7 water elementals
  3 fire elementals (D:13)
  A tarantella (shapeshifter) (Vaults:1)
  A hippogriff (shapeshifter) (Vaults:1)
  2 hungry ghosts (D:11)
  31 deep elf fighters
  2 fire bats (Lair:7)
  2 basilisks
  A golden eye (shapeshifter) (Vaults:4)
  17 hippogriffs
  21 vampire mosquitoes
  3 death yak simulacra (IceCv)
  10 wargs
  A soldier ant (shapeshifter) (Elf:2)
  66 yaks
  15 wolves
  16 water moccasins
  14 porcupines
  3 hell hounds (D:13)
  4 sky beasts
  6 spiders
  7 phantoms
  30 orc warriors
  43 ogres
  A tengu (shapeshifter) (Vaults:3)
  2 black bears
  8 ice beasts
  3 wasps
  A necrophage (D:6)
  12 crocodiles
  19 centaurs
  5 big kobolds
  Blork the orc (D:9)
  A gnoll sergeant (D:9)
  A wyvern skeleton (D:12)
  7 scorpions
  18 giant frogs
  11 wights
  44 killer bees
  6 crimson imps
  A human simulacrum (Vaults:2)
  A quasit (D:11)
  2 draconian simulacra (IceCv)
  4 giant frog zombies
  6 jellies
  4 centaur skeletons
  4 hounds
  27 orc wizards
  25 orc priests
  10 iguanas
  4 giant frog skeletons
  A gnoll shaman (D:4)
  8 worker ants
  A boulder beetle simulacrum (Vaults:1)
  3 spriggan simulacra (IceCv)
  5 troll simulacra (IceCv)
  A killer bee zombie (D:9)
  25 sheep
  A wolf simulacrum (IceCv)
  2 centaur simulacra (IceCv)
  3 hound skeletons
  A hound zombie (D:6)
  A worker ant zombie (D:6)
  4 ogre simulacra
  2 gnolls (D:4)
  79 river rats
  17 adders
  2 naga simulacra (IceCv)
  6 shadow imps
  8 white imps (IceCv)
  6 oozes
  2 adder zombies
  6 worms
  5 giant geckos
  161 orcs
  4 bats (D:1)
  4 goblins
  6 hobgoblins
  11 jackals
  28 kobolds
  8 ball pythons
  8 giant cockroaches
  A giant gecko skeleton (D:4)
  7 giant newts
  A jackal skeleton (D:8)
  3 quokkas
  2 rats (D:1)
  A crawling corpse (Elf:3)
  A fungus (Lair:7)
  7 plants (Lair:2)
  7 tentacles
1845 creatures vanquished.

Vanquished Creatures (collateral kills)
  Frederick (Vaults:4)
  Nikola (Shoals:2)
  Arachne (Spider:2)
  Rupert (Spider:1)
  A kraken (Shoals:3)
  A sphinx (Vaults:4)
  A deep elf sorcerer (Elf:3)
  2 ironheart preservers
  3 emperor scorpions
  The ghost of shakdrar the Cleaver, a powerful DsAK of Lugonu (Orc:4)
  A deep elf demonologist (Vaults:4)
  A centaur warrior (D:14)
  An alligator snapping turtle (Shoals:4)
  A merfolk aquamancer (Shoals:4)
  2 merfolk avatars
  3 deep trolls
  A sea snake (Shoals:1)
  A flayed ghost (Vaults:3)
  A deep elf summoner (Vaults:3)
  A deep elf conjurer (Vaults:4)
  2 orb spiders
  3 orc knights
  4 ugly things (D:14)
  2 wolf spiders
  2 griffons
  A manticore (Shoals:2)
  An elephant (Lair:4)
  3 sirens
  2 fauns
  4 demonic crawlers (Spider:3)
  3 yaktaurs
  A fire drake (Lair:6)
  2 freezing wraiths
  A wind drake (Shoals:3)
  5 two-headed ogres (Orc:4)
  A polar bear (Lair:6)
  4 jumping spiders
  5 trolls (Orc:4)
  3 deep elf priests
  3 merfolk
  2 trapdoor spiders
  3 tarantellas
  2 deep elf fighters
  2 water elementals
  3 redbacks
  3 yaks
  A basilisk (Lair:6)
  5 spiders
  2 orc warriors (Vaults:3)
  9 ogres (Orc:4)
  5 centaurs
  A crocodile (Lair:4)
  2 killer bees (Spider:1)
  A draconian simulacrum (IceCv)
  An orc wizard (Orc:4)
  A centaur simulacrum (IceCv)
  An ogre simulacrum (IceCv)
  5 river rats
  4 white imps (IceCv)
  4 orcs
  A crawling corpse (Elf:3)
  3 fungi (Lair:6)
  5 tentacles (Shoals:3)
144 creatures vanquished.

Vanquished Creatures (others)
  A fire giant (Vaults:5)
  Ilsuiw (Shoals:4)
  A deep elf sorcerer (Elf:3)
  4 vault guards (Vaults:5)
  Fannar (Lair:1)
  3 harpies (Vaults:5)
  An ugly thing (Vaults:2)
  A wolf spider (Spider:4)
  A yaktaur (Vaults:5)
  A hornet zombie (Vaults:1)
  A trapdoor spider (Spider:4)
  3 redbacks (Spider:4)
  A vampire mosquito (Vaults:3)
  2 deep elf fighters (Elf:3)
  An orc warrior (Vaults:3)
  2 ogres
  2 orcs (Orc:2)
  A kobold (D:12)
  8 fungi
  40 plants
  33 tentacles
  1554 tentacle segments
1663 creatures vanquished.

Grand Total: 3652 creatures vanquished

Notes
Turn   | Place    | Note
--------------------------------------------------------------
     0 | D:1      | abixa the Ghoul Monk began the quest for the Orb.
     0 | D:1      | Reached XP level 1. HP: 19/19 MP: 0/0
    19 | D:1      | You fall through a shaft!
    43 | D:2      | Reached XP level 2. HP: 13/26 MP: 1/1
   219 | D:2      | Found a blossoming altar of Fedhas.
   321 | D:2      | Reached skill level 5 in Unarmed Combat
   439 | D:2      | Reached XP level 3. HP: 31/31 MP: 2/2
  1755 | D:3      | Reached skill level 6 in Unarmed Combat
  1755 | D:3      | Reached XP level 4. HP: 36/36 MP: 3/3
  2116 | D:3      | Found a glowing silver altar of Zin.
  2257 | D:3      | Reached skill level 1 in Armour
  2257 | D:3      | Reached XP level 5. HP: 42/45 MP: 4/4
  2731 | D:4      | Reached XP level 6. HP: 44/52 MP: 5/5
  3356 | D:4      | Noticed a phantom
  3386 | D:4      | Killed a phantom
  3386 | D:4      | Reached skill level 7 in Unarmed Combat
  3386 | D:4      | Reached XP level 7. HP: 53/59 MP: 6/6
  3411 | D:5      | Entered Level 5 of the Dungeon
  3492 | D:5      | Found a sacrificial altar of Ru.
  3499 | D:5      | Noticed Prince Ribbit
  3503 | D:5      | Found a bloodstained altar of Trog.
  3798 | D:5      | Reached skill level 8 in Unarmed Combat
  3956 | D:5      | Killed Prince Ribbit
  4065 | D:5      | Reached XP level 8. HP: 65/67 MP: 7/7
  4316 | D:5      | Found a staircase to the Ecumenical Temple.
  4322 | Temple   | Entered the Ecumenical Temple
  4374 | Temple   | Became a worshipper of Makhleb the Destroyer
  4374 | Temple   | Acquired Makhleb's first power
  4374 | Temple   | Acquired Makhleb's second power
  4849 | D:5      | Got a fine leather armour
  4860 | D:5      | Identified the +1 leather armour "Xicvepun" {rN+} (You found it on level 5 of the Dungeon)
  5138 | D:6      | Reached skill level 5 in Fighting
  5210 | D:6      | Reached skill level 9 in Unarmed Combat
  5292 | D:6      | Found a sacrificial altar of Ru.
  5608 | D:6      | Found a deep blue altar of Sif Muna.
  5786 | D:6      | Noticed Sigmund
  5795 | D:6      | Killed Sigmund
  5795 | D:6      | Reached XP level 9. HP: 75/75 MP: 8/8
  5870 | D:6      | Reached skill level 5 in Dodging
  6013 | D:7      | Reached skill level 1 in Invocations
  6069 | D:7      | Acquired Makhleb's third power
  6245 | D:7      | Reached skill level 5 in Armour
  6430 | D:7      | Found a snail-covered altar of Cheibriados.
  6430 | D:7      | Found an ancient bone altar of Kikubaaqudgha.
  7002 | D:8      | Reached skill level 10 in Unarmed Combat
  7117 | D:8      | Reached XP level 10. HP: 86/86 MP: 12/12
  7327 | D:8      | Found a deep blue altar of Sif Muna.
  7351 | D:8      | Reached skill level 5 in Invocations
  7518 | D:8      | Acquired Makhleb's fourth power
  8457 | D:9      | Found a staircase to the Lair.
  8535 | D:9      | Acquired Makhleb's fifth power
  8583 | D:9      | Found a shimmering altar of Xom.
  8585 | D:9      | Found an iron altar of Okawaru.
  8595 | D:9      | Found an opulent altar of Gozag.
  8596 | D:9      | Found a bloodstained altar of Trog.
  8596 | D:9      | Found a shattered altar of Ashenzari.
  8708 | D:9      | Reached XP level 11. HP: 68/93 MP: 15/15
  8826 | D:9      | Noticed Blork the orc
  8840 | D:9      | Killed Blork the orc
  8928 | D:9      | Found a glowing golden altar of the Shining One.
  8930 | D:9      | Found a white marble altar of Elyvilon.
  9127 | Lair:1   | Entered Level 1 of the Lair of Beasts
  9465 | Lair:1   | Reached skill level 11 in Unarmed Combat
  9625 | Lair:1   | Got a bronze leather armour
  9636 | Lair:1   | Identified the cursed +0 leather armour "Lusuusk" {-Tele rElec rCorr Str+3} (You found it on level 1 of the Lair of Beasts)
 10466 | Lair:2   | Noticed Fannar
 10645 | Lair:1   | Killed Fannar
 10928 | Lair:2   | Reached XP level 12. HP: 99/105 MP: 17/17
 11913 | Lair:2   | Reached skill level 12 in Unarmed Combat
 11936 | Lair:2   | Reached skill level 10 in Fighting
 12704 | D:10     | Entered Level 10 of the Dungeon
 12955 | D:10     | Found a staircase to the Orcish Mines.
 12965 | D:10     | Reached skill level 10 in Invocations
 13986 | Orc:1    | Entered Level 1 of the Orcish Mines
 14504 | Orc:3    | Found a staircase to the Elven Halls.
 14522 | Orc:3    | Found a roughly hewn altar of Beogh.
 15005 | Orc:1    | Found a roughly hewn altar of Beogh.
 15590 | Orc:4    | Entered Level 4 of the Orcish Mines
 15590 | Orc:4    | Found Losec's Gadget Shop.
 15590 | Orc:4    | Noticed shakdrar's ghost (powerful DsAK)
 15792 | Orc:4    | Reached XP level 13. HP: 93/113 MP: 19/19
 15883 | Orc:4    | HP: 2/114 [shakdrar's ghost (4)]
 16297 | Orc:4    | Killed shakdrar's ghost
 16376 | Orc:4    | Found Xyocuum's Antique Weapon Shoppe.
 16378 | Orc:4    | Noticed an ettin
 16378 | Orc:4    | Found Aggun's Antique Armour Shop.
 16379 | Orc:4    | Found Cuveuq's Assorted Antiques.
 16380 | Orc:4    | Noticed an ogre mage
 16383 | Orc:4    | Noticed an ogre mage
 16384 | Orc:4    | Killed an ettin
 16626 | Orc:4    | Killed an ogre mage
 16637 | Orc:4    | Killed an ogre mage
 16996 | Orc:4    | Found Fiemo's Armour Shop.
 17007 | Orc:4    | Bought a pair of twisted boots for 266 gold pieces
 17007 | Orc:4    | Bought an encrusted chain mail for 266 gold pieces
 17031 | Orc:4    | Identified the +6 chain mail of Forking Paths {+Fly MR+} (You bought it in a shop on level 4 of the Orcish Mines)
 17051 | Orc:4    | Bought a glowing pink potion for 21 gold pieces
 17051 | Orc:4    | Bought a sapphire potion for 21 gold pieces
 17051 | Orc:4    | Bought a tiny bone amulet for 120 gold pieces
 17051 | Orc:4    | Bought a forked ivory wand for 96 gold pieces
 17061 | Orc:4    | Bought a +0 cloak of magic resistance for 138 gold pieces
 17362 | Orc:4    | Found a roughly hewn altar of Beogh.
 17405 | Orc:4    | Bought a transparent plate armour for 784 gold pieces
 17429 | Orc:4    | Identified the +4 plate armour of Pomuargh {+Inv rPois rN++ Str-2} (You bought it in a shop on level 4 of the Orcish Mines)
 17450 | Orc:4    | Identified the +2 pair of boots of Loyhuge {Stlth+} (You bought it in a shop on level 4 of the Orcish Mines)
 17857 | Lair:3   | Found a deep blue altar of Sif Muna.
 17887 | Lair:3   | Identified Caiho's Tome of Confrontation
 18423 | Lair:4   | Reached skill level 13 in Unarmed Combat
 19021 | Lair:4   | Reached XP level 14. HP: 100/121 MP: 21/21
 19276 | Lair:4   | Reached skill level 10 in Dodging
 19852 | Lair:5   | Found a labyrinth entrance.
 19894 | Lab      | Entered a labyrinth
 20338 | Lair:5   | Found a staircase to the Shoals.
 20976 | Lair:6   | Reached skill level 14 in Unarmed Combat
 21237 | Lair:6   | Found a frozen archway.
 21303 | IceCv    | Entered an ice cave
 21935 | IceCv    | Found an ancient bone altar of Kikubaaqudgha.
 22630 | Lair:6   | Found a hole to the Spider Nest.
 23302 | Lair:7   | Reached skill level 10 in Armour
 23430 | Lair:7   | Found a staircase to the Slime Pits.
 23947 | Lair:7   | You fall through a shaft!
 23947 | Lair:8   | Entered Level 8 of the Lair of Beasts
 24253 | Lair:8   | Reached XP level 15. HP: 134/134 MP: 23/23
 24918 | Lair:7   | Reached skill level 15 in Unarmed Combat
 25615 | Lair:8   | Identified the Disquisition on Scorching Confrontation
 26039 | Lair:1   | Identified a +4 rod of shadows (14/14) (You found it on level 8 of the Lair of Beasts)
 28504 | D:13     | Noticed Azrael
 28526 | D:13     | Killed Azrael
 29391 | D:13     | Found a gate to the Vaults.
 30265 | D:15     | Entered Level 15 of the Dungeon
 30424 | D:15     | Got a steaming scale mail
 30435 | D:15     | Identified the +1 scale mail of Haig Hyusua {rPois rCorr Int+2} (You found it on level 15 of the Dungeon)
 30490 | D:15     | Reached skill level 16 in Unarmed Combat
 30497 | D:15     | Reached XP level 16. HP: 122/144 MP: 24/24
 30815 | D:15     | Found a staircase to the Depths.
 31464 | Spider:1 | Entered Level 1 of the Spider Nest
 31480 | Spider:1 | Noticed Rupert
 31504 | Spider:1 | Killed Rupert
 32398 | Spider:2 | Noticed Arachne
 33130 | Spider:2 | Killed Arachne
 34429 | Spider:4 | Entered Level 4 of the Spider Nest
 34790 | Spider:4 | Reached skill level 17 in Unarmed Combat
 34859 | Spider:4 | Reached XP level 17. HP: 151/151 MP: 26/26
 36240 | Spider:4 | Got a gossamer rune of Zot
 36621 | Lair:1   | Upgraded the game from 0.17-a0-1793-gcbb3aa1 to 0.17-a0-1798-g879a7aa
 36746 | Shoals:1 | Entered Level 1 of the Shoals
 36773 | Shoals:1 | HP: 7/152 [merfolk impaler/trident of holy wrath (5)]
 37396 | Shoals:1 | Noticed Josephine
 37420 | Shoals:1 | Killed Josephine
 37967 | Shoals:2 | Noticed Jorgrun
 38000 | Shoals:2 | Killed Jorgrun
 38000 | Shoals:2 | Reached skill level 18 in Unarmed Combat
 38141 | Shoals:2 | Reached XP level 18. HP: 145/162 MP: 27/27
 38640 | Shoals:3 | Found Xiynt's Magic Scroll Boutique.
 38678 | Shoals:3 | Bought a scroll of identify for 24 gold pieces
 38678 | Shoals:3 | Bought a scroll of identify for 24 gold pieces
 38678 | Shoals:3 | Bought a scroll of identify for 24 gold pieces
 38678 | Shoals:3 | Bought a scroll of identify for 24 gold pieces
 38701 | Shoals:3 | Noticed Mara
 38717 | Shoals:2 | Reached skill level 15 in Fighting
 38797 | Shoals:3 | Noticed Nikola
 38808 | Shoals:2 | Killed Nikola
 39060 | Shoals:2 | Reached XP level 19. HP: 169/169 MP: 27/29
 39072 | Shoals:3 | Noticed abixa's illusion
 39204 | Shoals:3 | Noticed abixa's illusion
 39456 | Shoals:3 | Noticed abixa's illusion
 39476 | Shoals:3 | Killed Mara
 40371 | Shoals:4 | Entered Level 4 of the Shoals
 40460 | Shoals:4 | Reached skill level 15 in Invocations
 40544 | Shoals:4 | Killed Ilsuiw
 40627 | Shoals:4 | Reached skill level 19 in Unarmed Combat
 41092 | Shoals:4 | Got an ancient sapphire amulet
 41678 | Shoals:4 | Got a barnacled rune of Zot
 41804 | Shoals:4 | Reached XP level 20. HP: 114/180 MP: 30/30
 42048 | Shoals:4 | Got a warped battleaxe
 42049 | Shoals:4 | Identified the +9 battleaxe "Spider's Funeral" {speed, rElec MR- Int-4 SInv} (You found it on level 4 of the Shoals)
 42337 | Lair:1   | Identified the amulet "Wenwioha" {MR+ Regen+ Int+2} (You took it off a siren on level 4 of the Shoals)
 42722 | Vaults:1 | Entered Level 1 of the Vaults
 42742 | Vaults:1 | Noticed nago's ghost (mighty NaAE)
 42779 | Vaults:1 | Killed nago's ghost
 42920 | Vaults:1 | Found Ucseolof's Weapon Shop.
 43095 | Vaults:1 | Got a glittering iron ring
 43766 | Vaults:1 | Noticed Norris
 43830 | Vaults:1 | Killed Norris
 43851 | Vaults:1 | Reached skill level 20 in Unarmed Combat
 45303 | Vaults:2 | Found a staircase to the Crypt.
 45554 | Vaults:2 | Identified the ring "Nican" {+Blink rN+ Slay-4 SInv} (You found it on level 1 of the Vaults)
 45731 | Vaults:2 | Reached XP level 21. HP: 143/186 MP: 23/31
 46443 | Vaults:3 | Found Quopsal's Weapon Boutique.
 46443 | Vaults:3 | Found Reddatos's Weapon Shop.
 46574 | Vaults:3 | Found Xysugh's Assorted Antiques.
 46579 | Vaults:3 | Bought a scroll of identify for 76 gold pieces
 46696 | Vaults:3 | Found Joejikli's Food Boutique.
 47153 | Vaults:3 | Reached skill level 21 in Unarmed Combat
 47641 | Vaults:4 | Noticed Frederick
 47685 | Vaults:4 | Killed Frederick
 47789 | Vaults:4 | Reached skill level 1 in Staves
 47887 | Vaults:4 | HP: 4/188 [orc knight/war axe of holy wrath (13)]
 48520 | Vaults:4 | HP: 9/187 [stone giant (20)]
 48522 | Vaults:4 | Reached skill level 5 in Staves
 50073 | Elf:1    | Entered Level 1 of the Elven Halls
 50096 | Elf:1    | Found a radiant altar of Vehumet.
 50210 | Elf:1    | Found a portal to a secret trove of treasure.
 50486 | Elf:1    | Reached XP level 22. HP: 165/196 MP: 33/33
 50668 | Elf:1    | Identified the Papyrus of Creation and Conjuration
 50995 | Elf:2    | Found a magical portal.
 51043 | WizLab   | Entered The Hall of Noor the Hellbinder
 51348 | WizLab   | Found a burning altar of Makhleb.
 51375 | WizLab   | Identified the Tome of the Entourage
 51395 | WizLab   | Identified Mnoleg's Handbook of the Entourage
 51717 | Elf:2    | Identified a -1 rod of shadows (14/14) (You found it in a wizard's laboratory)
 51826 | Elf:2    | Reached skill level 10 in Staves
 51875 | Elf:2    | Found a large runed door.
 51875 | Elf:2    | Found a large runed door.
 51899 | Elf:2    | Found a large runed door.
 51899 | Elf:2    | Found a large runed door.
 52931 | Elf:3    | Entered Level 3 of the Elven Halls
 53177 | Elf:3    | Found a deep blue altar of Sif Muna.
 53473 | Elf:3    | Noticed Roxanne
 53488 | Elf:3    | Killed Roxanne
 53490 | Elf:3    | Identified Roxanne's Incunabulum of the Shifting Mountains (You took it off Roxanne on level 3 of the Elven Halls)
 54144 | Elf:3    | Reached skill level 15 in Armour
 54241 | Elf:3    | Reached XP level 23. HP: 184/205 MP: 34/34
 54406 | Elf:3    | Identified the Papyrus of Confrontation and Good Luck (You found it on level 3 of the Elven Halls)
 55713 | Elf:1    | You paid a toll of a +4 demon trident to enter a treasure trove
 55714 | Trove    | Entered a treasure trove
 55721 | Trove    | Got a slimy executioner's axe
 55725 | Trove    | Got a crystal trident
 55739 | Elf:1    | Identified the +9 executioner's axe "Fes Igu" {drain, *Rage rPois Dex+3} (You found it in a treasure trove)
 56254 | Vaults:5 | Entered Level 5 of the Vaults
 56260 | Vaults:5 | Noticed an ancient lich
 56306 | Vaults:4 | Killed from afar by an ancient lich

Vault maps used:
D:1:      dpeg_arrival_lava_altar, serial_co_window_serial, co_window_corner_a,
          co_window_paths_b, co_window_paths_a, co_window_paths_b,
          co_window_paths_b, co_window_corner_cb, co_window_of_opportunity_b,
          co_window_2corner, co_window_cross_2, co_window_corner_b,
          co_window_4corner_a, glass_columns_a, glass_columns_a
D:2:      first_bread, st_stairs_13, serial_bayou_pond_e, fedhas_altar_3
D:3:      kennysheep_flooded_box, minmay_snake_closets
D:5:      overflow_temple_1_default, minmay_temple_entry_enclosed_plants,
          basic_altar, uniq_prince_ribbit1
D:6:      kennysheep_orc_sif_temple, nicolae_ru_great_annihilating_truth,
          uniq_sigmund
D:7:      nicolae_overflow_hidden_temple, minivault_23
D:8:      kennysheep_little_box, hangedman_little_slice_of_home
D:9:      grunt_temple_overflow_open, minitemple, david_lair_shrubbed,
          sword_in_stone
D:10:     minmay_orc_entry_guard_dogs
D:11:     st_stairs_1, minmay_orc_keep
D:13:     david_vaults_4, uniq_azrael
D:15:     grunt_enter_depths_snipers
Temple:   grunt_temple_mini_profane_8
Lair:1:   beast_lair_carwin_7
Lair:2:   wad_woods_river_01, uniq_fannar
Lair:3:   basic_altar, lemuel_fruit_fields, bh_autumn_forest_stairs
Lair:4:   beast_lair_carwin_1, infiniplex_staircase_pool
Lair:5:   elwin_shoals_entry_rocks, lab_entry_generic, st_stairs_13
Lair:6:   nicolae_spider_entry_non_spiders,
          portal_ice_cave_entry_animals_and_master
Lair:7:   dpeg_slime_entry_corner
Lair:8:   evilmike_catoblepas_cave, dpeg_oklob_1
Shoals:1: uniq_josephine
Shoals:2: uniq_jorgrun
Shoals:3: serial_shops, shop, uniq_mara, uniq_nikola
Shoals:4: shoals_end_hangedman, shoals_ilsuiw_alternative
Spider:1: hive_lemuel, uniq_rupert
Spider:2: hangedman_spider_tarantella_strand, uniq_arachne
Spider:4: grunt_spider_rune_parallel
Orc:1:    basic_altar, library_closet, statue_in_the_mist_lemuel
Orc:3:    nicolae_orc_pool_cavern, mines1_david
Orc:4:    st_orc_open, serial_shops, shop, david_defended_altar_orc
Elf:1:    eino_elf_arrival_altar, nicolae_trove_entry_path_of_doom,
          minmay_elf_sorcery, minivault_25
Elf:2:    infiniplex_enter_wizlab_water
Elf:3:    minmay_elf_hall_dome, basic_altar, dk_noncrumbling_3, uniq_roxanne
Vaults:1: nicolae_vaults_good_morning_starshine,
          ontoclasm_vaults_loading_screen, v_rooms_2,
          vaults_room_grunt_arrival_checkpoint, v_misc_18,
          nicolae_vaults_diagonal_hallway_7, nicolae_vaults_border_crossing,
          v_pattern_2, grunt_vaults_focal, serial_shops, shop, uniq_norris
Vaults:2: hangedman_vaults_stagger, nicolae_vaults_asterisk,
          nicolae_vaults_windows_and_doors_thing, nicolae_vaults_rhombus_7,
          v_misc_23, ontoclasm_vaults_pinch, dummy_crypt_entry
Vaults:3: v_misc_8, hangedman_vaults_trim, v_misc_22,
          ontoclasm_vaults_misaligned, nicolae_vaults_diagonal_hallway_9,
          vaults_room_fancy_cross, v_rooms_5, v_misc_3,
          hangedman_vaults_variations, vaults_room_door_hall, v_misc_30,
          hangedman_vaults_corner_blocks, vaults_mumra_lcd,
          nicolae_vaults_circle_grid_b, v_misc_19,
          nicolae_vaults_ring_of_whatevers, serial_shops, shop,
          nicolae_shop_statue_plus, shop_statue, nicolae_shop_statue_plus,
          uniq_asterion
Vaults:4: vaults_mumra_hexcomb, v_misc_12, vaults_room_large_hall,
          hangedman_vaults_corner, v_pattern_4,
          nicolae_vaults_mini_display_case, v_misc_23,
          vaults_standard_mumra_lines, ontoclasm_vaults_loading_screen,
          vaults_room_door_ring, vaults_dpeg_cross, nicolae_vaults_little_ls,
          hangedman_vaults_stretched_pinwheel, nicolae_vaults_ring_of_whatevers,
          uniq_frederick, uniq_jory
Vaults:5: serial_shops, uniq_mennas
Lab:      labyrinth_mini_lab, labyrinth_glass_1
Trove:    trove_weapon_2
IceCv:    ice_cave_small_necro
WizLab:   wizlab_demon

Action                   |  1- 3 |  4- 6 |  7- 9 | 10-12 | 13-15 | 16-18 | 19-21 | 22-24 || total
-------------------------+-------+-------+-------+-------+-------+-------+-------+-------++-------
Melee: Unarmed           |   116 |   200 |   376 |  1711 |  2311 |  1671 |  2084 |   626 ||  9095
       Blowgun           |       |       |       |       |       |     1 |       |       ||     1
       Staff             |       |       |       |       |       |       |    95 |   192 ||   287
 Fire: Blowgun           |       |       |       |       |       |    95 |       |       ||    95
Throw: Tomahawk          |       |       |       |     6 |       |       |       |       ||     6
Invok: Minor Destruction |       |       |       |    14 |     1 |     3 |       |       ||    18
       Major Destruction |       |       |       |       |    16 |     6 |     2 |       ||    24
       Greater Servant o |       |       |       |       |     3 |    13 |    11 |     2 ||    29
       Lesser Servant of |       |       |       |       |    12 |     8 |    13 |       ||    33
 Abil: Evoke Flight      |       |       |       |       |       |     1 |     1 |       ||     2
Evoke: Wand              |       |       |     6 |     2 |     2 |     7 |       |       ||    17
  Use: Scroll            |       |       |       |    14 |     4 |    17 |    13 |     4 ||    52
       Potion            |       |       |       |       |       |     2 |       |       ||     2
 Stab: Sleeping          |     1 |     3 |     3 |     4 |       |       |       |       ||    11
       Paralysed         |       |       |     1 |       |     2 |       |       |       ||     3
       Distracted        |       |       |       |     2 |     6 |     8 |     9 |     1 ||    26
  Eat: Chunk             |     2 |    13 |    14 |    70 |    95 |   143 |    88 |    28 ||   453
       Beef jerky        |       |       |       |     1 |       |       |       |       ||     1
